AoeStats
← el hacha

Arena

507561560Analyzed
3v3 RM · 13d ago on Sep 18, 2026· 40m 53s· 6 players
Game mode
Random Map
Map size
Normal (6 player)
Population
200
Speed
Normal
Resources
Standard
Victory
Conquest
Starting age
Dark Age
Ending age
Imperial Age
RankedLock teamsTeams togetherTeam positionsShared explorationLock speedFull tech treeHidden civsTurbo modeCheats
Victory
Defeat
🇹🇷 Burgundians · Türkiye
1009
+14
🇹🇷 Turks · Türkiye
982
+15
🇹🇷 Japanese · Türkiye
877
+19
🇩🇪 Ethiopians · Germany
1020
-19
🇩🇪 Vietnamese · Germany
1010
-18
🇩🇪 Georgians · Germany
819
-11
biernot
10:11 Feudal Age
15:20 Castle Age
13:59 Double-Bit Axe
15:23 Horse Collar
17:29 Bow Saw
19:43 Fervor
19:40 Husbandry
19:55 Forging
23:00 Heavy Plow
25:45 Wheelbarrow
25:18 Stone Mining
28:06 Hand Cart
27:37 Loom
30:37 Scale Barding Armor
31:08 Iron Casting
33:35 Chain Barding Armor
el hacha
11:39 Feudal Age
16:08 Castle Age
15:11 Scale Barding Armor
16:12 Bloodlines
22:37 Forging
23:23 Double-Bit Axe
23:47 Horse Collar
Achilles
10:32 Feudal Age
15:56 Castle Age
14:16 Horse Collar
16:05 Double-Bit Axe
16:46 Loom
17:48 Bow Saw
17:59 Heavy Plow
18:48 Town Watch
20:46 Fletching
22:01 Elite Skirmisher
25:30 Wheelbarrow
27:23 Padded Archer Armor
27:18 Arson
27:33 Squires
27:17 Pikeman
28:09 Scale Mail Armor
28:19 Forging
28:26 Squires
30:08 Chain Mail Armor
31:17 Iron Casting
31:26 Crossbowman
32:49 Leather Archer Armor
32:30 Bodkin Arrow
34:42 Hand Cart
PatriotTURK
2:17 Loom
9:37 Feudal Age
10:00 Horse Collar
10:08 Double-Bit Axe
19:01 Castle Age
17:05 Gold Mining
17:20 Stone Mining
20:03 Bow Saw
20:55 Heavy Plow
20:51 Arson
21:07 Squires
21:11 Scale Mail Armor
21:22 Forging
23:11 Wheelbarrow
25:33 Gold Shaft Mining
27:08 Hand Cart
27:14 Chain Mail Armor
27:35 Iron Casting
31:19 Imperial Age
28:59 Town Watch
30:47 Town Patrol
33:06 Two-Man Saw
33:03 Plate Mail Armor
33:33 Blast Furnace
33:01 Elite Samurai
34:03 Conscription
35:46 Caravan
39:22 Ballistics
40:02 Chemistry
38:48 Treadmill Crane
(DB) Eydur
6:42 Double-Bit Axe
13:53 Feudal Age
14:24 Horse Collar
17:47 Castle Age
18:36 Husbandry
19:16 Forging
19:11 Scale Barding Armor
18:31 Cavalier
20:52 Iron Casting
32:52 Loom
(DB) Ezdur
11:49 Feudal Age
16:29 Castle Age
14:24 Horse Collar
14:55 Double-Bit Axe
17:46 Bow Saw
18:33 Loom
19:11 Gold Mining
19:48 Fervor
21:58 Wheelbarrow
26:03 Imperial Age
24:08 Padded Archer Armor
24:32 Ballistics
24:21 Heavy Plow
25:46 Hand Cart
26:07 Thumb Ring
29:01 Town Watch
35:42 Leather Archer Armor
36:35 Gold Shaft Mining
40:47 Ring Archer Armor
Connection lost

Rejoining the realm…

Still unreachable

The connection could not be restored.

Session expired

The server has moved on; the page needs a fresh start.